 Dungeon Crawl Stone Soup version 0.23-b1-3-gdda8187c6f (webtiles) character file.

Game seed: 13083657325806459310

777 Morbidden the Bolt Thrower (level 8, -18/61 HPs)
             Began as a Formicid Hunter on Jan 31, 2019.
             Demolished by an orc warrior
             ... wielding a +0 war axe
              (19 damage)
             ... on level 5 of the Dungeon.
             The game lasted 00:12:41 (6027 turns).

Morbidden the Bolt Thrower (Formicid Hunter)        Turns: 6027, Time: 00:12:41

Health: -18/61     AC: 12    Str: 19      XL:     8   Next: 10%
Magic:  8/8        EV:  6    Int: 11      God:
Gold:   122        SH:  0    Dex:  5 (11) Spells: 7/7 levels left

rFire    . . .     SeeInvis +   b - +0 short sword
rCold    . . .     Gourm    .   (no shield)
rNeg     . . .     Faith    .   e - +0 plate armour
rPois    .         Spirit   .   (helmet unavailable)
rElec    .         Reflect  .   (no cloak)
rCorr    .         Harm     .   (no gloves)
MR       .....                  (no boots)
Stlth    ..........             p - amulet of rage
HPRegen  0.20/turn              (no ring)
MPRegen  0.11/turn              (no ring)

@: no status effects
A: permanent stasis, dig shafts and tunnels, four strong arms, antennae 3
a: Dig, Shaft Self


You were on level 5 of the Dungeon.
You were not hungry.

You visited 1 branch of the dungeon, and saw 5 of its levels.

You collected 122 gold pieces.

Inventory:

Hand Weapons
 a - a +1 hand crossbow
 b - a +0 short sword (weapon)
Missiles
 d - 6 bolts
Armour
 e - a +0 plate armour (worn)
Jewellery
 p - an amulet of rage (around neck)
Scrolls
 h - a scroll of fear
 i - 3 scrolls of remove curse
 n - 2 scrolls of magic mapping {unknown}
 o - a scroll of enchant armour {unknown}
 r - a scroll of teleportation {unknown}
Potions
 c - a potion of cancellation {unknown}
 g - a potion of might {unknown}
 k - 3 potions of haste
 l - a potion of flight {unknown}
 m - a potion of ambrosia
 q - 2 potions of lignification
Comestibles
 f - 8 rations


   Skills:
 + Level 4.7 Fighting
 + Level 6.1 Crossbows
 + Level 5.8 Armour
 + Level 2.4 Dodging
 + Level 1.7 Stealth


You had 7 spell levels left.
You didn't know any spells.
Your spell library was empty.

Dungeon Overview and Level Annotations

Branches:
Dungeon (5/15)
 Temple: D:4-7

Altars:
Cheibriados
Gozag

Annotations:
D:3 3 runed translucent doors, Flure's ghost, amateur OpAs


Innate Abilities, Weirdness & Mutations

You cannot be hasted, slowed, berserked, paralysed or teleported.
You can dig through walls and to a lower floor.
Your four strong arms can wield two-handed weapons with a shield.
You have a pair of large antennae on your head. (SInv)


Message History

You feel less wooden.
Your +0 plate armour unmelds from your body.
The orc barely misses you.
The orc warrior hits you with a +0 war axe!
* * * LOW HITPOINT WARNING * * *
The orc hits you with a +0 whip.
* * * LOW HITPOINT WARNING * * *
You hit the orc warrior but do no damage.
The orc warrior is heavily wounded.
The orc hits you with a +0 whip.
* * * LOW HITPOINT WARNING * * *
You hit the orc warrior.
The orc warrior is heavily wounded.
The orc warrior hits you with a +0 war axe!
* * * LOW HITPOINT WARNING * * *
The orc barely misses you.
You hit the orc warrior but do no damage.
The orc warrior is heavily wounded.
The orc warrior hits you with a +0 war axe!!
You die...

.......##
......## ....###
...## ..## ..#
.## ..# ####
#.## ##### #o@#
#..# #...####o##
##.##
##....##.o#
#..###........##
##..##........#
#..##........##
##..#.........#
#............#
#............#


You could see an orc warrior and 2 orcs.

Vanquished Creatures
  An ogre (D:4)
  2 bullfrogs (D:5)
  A water moccasin zombie (D:5)
  A howler monkey (D:2)
  A quasit (D:5)
  3 hounds (D:4)
  A bullfrog skeleton (D:5)
  An orc wizard (D:4)
  An orc priest (D:4)
  An iguana (D:5)
  A worker ant (D:5)
  A hound skeleton (D:5)
  A howler monkey skeleton (D:4)
  6 adders
  An adder skeleton (D:4)
  4 worms
  3 dart slugs
  2 leopard geckos
  14 orcs
  6 bats
  2 giant cockroaches (D:1)
  11 goblins
  5 hobgoblins
  7 jackals (D:2)
  9 kobolds
  3 quokkas
  2 ball pythons (D:1)
  4 frilled lizards
  A quokka skeleton (D:5)
  11 rats
107 creatures vanquished.

Notes
Turn   | Place    | Note
-------+----------+-------------------------------------------
     0 | D:1      | Morbidden the Formicid Hunter began the quest for the Orb.
     0 | D:1      | Reached XP level 1. HP: 16/16 MP: 1/1
    92 | D:1      | Reached XP level 2. HP: 23/23 MP: 2/2
   403 | D:1      | Reached XP level 3. HP: 24/28 MP: 3/3
  1156 | D:2      | Reached XP level 4. HP: 17/34 MP: 4/4
  1354 | D:2      | Reached skill level 1 in Armour
  1820 | D:2      | Reached skill level 5 in Crossbows
  1820 | D:2      | Reached XP level 5. HP: 19/41 MP: 5/5
  2995 | D:3      | Found a runed translucent gate.
  2995 | D:3      | Found a runed translucent gate.
  2995 | D:3      | Found a runed translucent gate.
  3169 | D:3      | Noticed Flure's ghost (amateur OpAs)
  3471 | D:4      | Noticed an ogre
  3477 | D:4      | Killed an ogre
  3477 | D:4      | Reached XP level 6. HP: 43/48 MP: 6/6
  4001 | D:4      | Reached XP level 7. HP: 52/54 MP: 7/7
  4457 | D:5      | Entered Level 5 of the Dungeon
  5077 | D:5      | Reached skill level 6 in Crossbows
  5330 | D:5      | Found a snail-covered altar of Cheibriados.
  5371 | D:5      | Found an opulent altar of Gozag.
  5391 | D:5      | Reached skill level 5 in Armour
  5713 | D:5      | Reached XP level 8. HP: 36/61 MP: 8/8
  6026 | D:5      | HP: 1/61 [orc warrior/+0 war axe (7)]
  6027 | D:5      | Demolished by an orc warrior

Skill      XL: |  1  2  3  4  5  6  7 |
---------------+----------------------+-----
Armour         | 1 2 3 5 |  5.8
Fighting       | 3 4 |  4.7
Crossbows      | 5 6 |  6.1
Dodging        | 2 |  2.4
Stealth        | |  1.7

Action                   |  1- 3 |  4- 6 |  7- 9 || total
-------------------------+-------+-------+-------++-------
Melee: Short sword       |   123 |   227 |   350 ||   700
 Fire: Hand crossbow     |    42 |    61 |    14 ||   117
  Use: Scroll            |     1 |     1 |     3 ||     5
       Potion            |       |     1 |     3 ||     4
  Eat: Chunk             |     1 |     5 |     8 ||    14
       Ration            |       |     1 |       ||     1
Armor: Plate armour      |   125 |   219 |   462 ||   806
       Skin              |       |       |    26 ||    26
Dodge: Dodged            |    47 |    98 |   177 ||   322
